 Dungeon Crawl Stone Soup version 0.25-a0-164-gb55e97dba5 (webtiles) character file.

Game seed: 7459063084590328081, levelgen mode: deterministic

2 MisterFreud the Magician (level 1, -1/9 HPs)
             Began as a Felid Wanderer on Nov 22, 2019.
             Slain by a hobgoblin
             ... wielding a +0 club
              (5 damage)
             ... on level 1 of the Dungeon.
             The game lasted 00:00:19 (129 turns).

MisterFreud the Magician (Felid Wanderer)            Turns: 129, Time: 00:00:19

Health: -1/9       AC:  1    Str:  9    XL:     1   Next: 25%
Magic:  5/5        EV: 16    Int: 13    God:
Gold:   0          SH:  0    Dex: 14    Spells: 6/6 levels left
                                        Lives:  0   Deaths: 0

rFire    . . .     SeeInvis +   (weapon unavailable)
rCold    . . .     Gourm    .   (shield unavailable)
rNeg     . . .     Faith    .   (armour unavailable)
rPois    .         Spirit   .   (helmet unavailable)
rElec    .         Reflect  .   (cloak unavailable)
rCorr    .         Harm     .   (gloves unavailable)
MR       .....                  (boots unavailable)
Stlth    +++.......             (no amulet)
HPRegen  0.03/turn              (no ring)
MPRegen  0.09/turn              (no ring)

@: quick
A: very small, no armour, no weapons or thrown items, stealth, claws 1, fangs 3,
see invisible, carnivore, speed 1, shaggy fur 1, slow metabolism 1, sharp paws
a: no special abilities


You were on level 1 of the Dungeon.
You were full.

You visited 1 branch of the dungeon, and saw 1 of its levels.

Inventory:

Potions
 c - a potion of lignification
Comestibles
 d - a ration


   Skills:
 + Level 1.3 Fighting
 - Level 1.3 Dodging
 - Level 2.6 Stealth
 - Level 3.0 Spellcasting
   Level 1.0 Conjurations
   Level 1.0 Poison Magic
   Level 1.1 Evocations


You had 6 spell levels left.
You didn't know any spells.
Your spell library contained the following spells:

 Spells                   Type           Power        Failure   Level  Hunger
 Sting                    Conj/Pois      #...         16%         1    #......
 Pain                     Necr           #...         22%         1    #......
 Poisonous Vapours        Pois/Air       #.....       28%         2    ###....
 Mephitic Cloud           Conj/Pois/Air  #.......     47%         3    ###....
 Vampiric Draining        Necr           #.........   56%         3    ###....
 Olgreb's Toxic Radiance  Pois           #.......     83%         4    #####..
 Venom Bolt               Conj/Pois      #.........   99%         5    ######.


Dungeon Overview and Level Annotations

Branches:
Dungeon (1/15)

Altars:


Innate Abilities, Weirdness & Mutations

You cannot wear armour.
You are incapable of wielding weapons or throwing items.
Your paws allow you to move quietly. (Stealth)
You have sharp claws.
You have razor-sharp teeth.
You have supernaturally acute eyesight. (SInv)
You are carnivorous and can eat meat at any time.
You cover ground quickly.
You are covered in fur. (AC +1)
You have a slow metabolism.
Your sharp claws are effective at attacking unaware monsters.


Message History

The kobold misses you.
You scratch the kobold but do no damage.
The kobold misses you.
You scratch the kobold.
You kill the kobold!
You scratch the hobgoblin.
The hobgoblin is severely wounded.
The hobgoblin misses you.
You scratch the hobgoblin. Your bite misses the hobgoblin.
The hobgoblin is almost dead.
The hobgoblin hits you with a +0 club.
You barely miss the hobgoblin.
The hobgoblin is almost dead.
A goblin comes into view. It is wielding a +0 club.
The hobgoblin hits you with a +0 club.
You scratch the hobgoblin but do no damage.
The hobgoblin is almost dead.
The hobgoblin hits you with a +0 club.
Ouch! That really hurt!
You die...

#...# ## ###... ..# #....? ...#
#.#..##... #.#.....# #.#K%...#
######## #)#.g##.#!.
#.#.##.#############.#.........
...#.#.#........@g.g.......####
.........##############.####
.........# #%# #.#......# #..
##.##.#..# #.## ########## #.#
..


You could see a hobgoblin and a goblin.

Vanquished Creatures
  A goblin (D:1)
  A kobold (D:1)
2 creatures vanquished.

Notes
Turn   | Place    | Note
-------+----------+-------------------------------------------
     0 | D:1      | MisterFreud the Felid Wanderer began the quest for the Orb.
     0 | D:1      | MisterFreud set off with the following items: a potion of
                  | lignification, a ration; and the following spells available
                  | to memorise: Sting, Pain, Poisonous Vapours, Mephitic
                  | Cloud, Vampiric Draining, Olgreb's Toxic Radiance, Venom
                  | Bolt
     0 | D:1      | Reached XP level 1. HP: 9/9 MP: 5/5
   129 | D:1      | Slain by a hobgoblin

Levels and vault maps discovered:
D:1:      minmay_arrival_jagged, layout_loops_cross

Action                   || total
-------------------------++-------
Melee: Unarmed           ||     9
 Stab: Sleeping          ||     1
  Eat: Chunk             ||     2
Dodge: Dodged            ||     3

Table legend:
 A = Non-vault XP
 B = Vault XP
 C = Vault XP percentage of total XP
 D = Non-vault monster count
 E = Vault monster count
 F = Vault count percentage of total count
                 A         B        C        D         E       F
            +---------+---------+-------+---------+---------+-------
      Total |       3 |       0 |   0.0 |       2 |       0 |   0.0
            +---------+---------+-------+---------+---------+-------
        D:1 |       3 |       0 |   0.0 |       2 |       0 |   0.0
            +---------+---------+-------+---------+---------+-------
